 Dungeon Crawl Stone Soup version 0.28.0-53-g5a82cb258f (webtiles) character file.

Game seed: 3632548220404303462

22 hawla the Firebug (level 2, -5/15 HPs)
             Began as a Deep Elf Fire Elementalist on July 28, 2022.
             Killed from afar by Natasha (9 damage)
             ... with a magic dart
             ... on level 2 of the Dungeon.
             The game lasted 00:02:31 (1030 turns).

hawla the Firebug (Deep Elf Fire Elementalist)      Turns: 1030, Time: 00:02:32

Health: -5/15      AC:  2    Str:  5    XL:     2   Next: 68%
Magic:  0/8        EV: 12    Int: 19    God:
Gold:   27         SH:  3    Dex: 15    Spells: 4/7 levels left

rFire   . . .      SeeInvis .   g - staff of death
rCold   . . .      Faith    .   e - +0 buckler
rNeg    + . .      Spirit   .   a - +0 robe
rPois   .          Reflect  .   (no helmet)
rElec   .          Harm     .   (no cloak)
rCorr   .          Rampage  .   (no gloves)
Will    .....                   (no boots)
Stlth   ++........              (no amulet)
HPRegen 0.05/turn               (no ring)
MPRegen 0.11/turn               (no ring)

@: no status effects
A: no striking features
a: no special abilities


You were on level 2 of the Dungeon.
You visited 1 branch of the dungeon, and saw 2 of its levels.

You collected 27 gold pieces.

Inventory:

Armour
 a - a +0 robe (worn)
 e - a +0 buckler (worn)
Magical Staves
 g - a staff of death (weapon)
 h - a staff of fire
Jewellery
 f - a ring of ice
Scrolls
 b - 3 scrolls of identify {unknown}
 d - a scroll of holy word {unknown}
Potions
 c - a potion of flight {unknown}


   Skills:
 + Level 2.6 Dodging
 + Level 2.4 Stealth
 * Level 0.1 Shields
 + Level 3.2 Spellcasting
 + Level 1.5 Conjurations
 + Level 3.9 Fire Magic


You had 4 spell levels left.
You knew the following spells:

 Your Spells              Type           Power      Damage    Failure   Level
a - Foxfire               Conj/Fire      52%        2x1d6     7%          1
b - Scorch                Fire           36%        2d6       6%          2

Your spell library contained the following spells:

 Spells                   Type           Power      Damage    Failure   Level
 Conjure Flame            Conj/Fire      13%        6-21      21%         3
 Inner Flame              Hex/Fire       10%        N/A       26%         3
 Flame Wave               Conj/Fire      13%        2d6       54%         4


Dungeon Overview and Level Annotations

Branches:
Dungeon (2/15)

Altars:

Annotations:
D:2 Natasha


Message History

Casting: Foxfire (safe; 7% risk of failure)
Confirm with . or Enter, or press ? or * to list all spells.
Flames lash Natasha.
Natasha is heavily wounded.
Natasha's fire resistance burns away.
The goblin shouts!
Natasha mumbles some strange words.
An adder comes into view.
Casting: Scorch (safe; 6% risk of failure)
Confirm with . or Enter, or press ? or * to list all spells.
You conjure some foxfire!
The adder hisses angrily.
The goblin hits you but does no damage. Natasha claws you!
Ouch! That really hurt!
Casting: Foxfire (safe; 7% risk of failure)
Confirm with . or Enter, or press ? or * to list all spells.
Flames lash the crimson imp.
The crimson imp completely resists.
The foxfire hits the goblin.
The goblin is moderately wounded.
The goblin hits you with a +0 club.
* * * LOW HITPOINT WARNING * * *
Natasha stares at you and mumbles some strange words.
You resist with significant effort.
Your foxfire dissipates!
The crimson imp puffs mist at you.
Natasha is no longer more vulnerable to fire.
The crimson imp blinks!
Casting: Scorch (safe; 6% risk of failure)
Confirm with . or Enter, or press ? or * to list all spells.
Flames lash the goblin.
You kill the goblin!
Casting: Scorch (safe; 6% risk of failure)
Confirm with . or Enter, or press ? or * to list all spells.
Flames lash Natasha.
Natasha is severely wounded.
Natasha's fire resistance burns away.
Natasha casts a spell at you. The magic dart hits you!
Ouch! That really hurt!
You die...

....## ##...............#
...#####................#
..................#######
...#####........).#
...#......######.##
...#.##..## #.#
.....>....# #>#
..........# #.#
..........# #@#
..........# #h#
#..)..<...# #.#
#.........# #g#
#.......... #.#
#.......... #S#
#......5..#
##........S...
#.........##.


You could see Natasha (combustible), a crimson imp (summoned), an adder and a
goblin.

Vanquished Creatures
  3 ball pythons
  3 bats
  An endoplasm (D:2)
  4 goblins
  3 hobgoblins
  A kobold (D:1)
  A quokka (D:1)
  A frilled lizard (D:1)
  2 rats
19 creatures vanquished.

Vanquished Creatures (others)
  34 foxfires
34 creatures vanquished.

Grand Total: 53 creatures vanquished

Notes
Turn   | Place    | Note
-------+----------+-------------------------------------------
     0 | D:1      | hawla the Deep Elf Fire Elementalist began the quest for
                  | the Orb.
     0 | D:1      | Reached XP level 1. HP: 10/10 MP: 6/6
   351 | D:1      | Reached XP level 2. HP: 15/15 MP: 6/8
   354 | D:1      | Learned a level 2 spell: Scorch
  1018 | D:2      | Noticed Natasha
  1022 | D:2      | Noticed a crimson imp
  1030 | D:2      | Killed from afar by Natasha

Illustrated notes

Levels and vault maps discovered:
D:1:      scummos_arrival_forest, layout_loops_corners
D:2:      layout_rooms, shapermc_ecumenical_altar_hornbeckon, uniq_natasha

Action                   || total
-------------------------++-------
 Cast: Foxfire           ||    19
       Scorch            ||     5
Armor: Robe              ||     1
Dodge: Dodged            ||     2
Block: Buckler           ||     2
